 Dungeon Crawl Stone Soup version 0.20.1-1-g8b1a95d (webtiles) character file.

407 MJtheKandyman the Conjurer (level 6, -5/45 HPs)
             Began as a Draconian Fire Elementalist on Dec 27, 2017.
             Killed by nerve-wracking pain
             ... invoked by letownia2's ghost
              (14 damage)
             ... on level 4 of the Dungeon.
             The game lasted 00:28:34 (5069 turns).

MJtheKandyman the Conjurer (DrFE)                   Turns: 5069, Time: 00:28:34

Health: -5/45      AC:  6    Str: 10    XL:     6   Next: 57%
Magic:  0/9        EV: 12    Int: 18    God:
Gold:   23         SH:  0    Dex: 11    Spells: 3/9 levels left

rFire    . . .     SeeInvis .   y - +2 dagger (venom)
rCold    . . .     Gourm    .   (no shield)
rNeg     . . .     Faith    .   (armour unavailable)
rPois    .         Spirit   .   (helmet restricted)
rElec    .         Reflect  .   (no cloak)
rCorr    .         Harm     .   (no gloves)
MR       .....                  (no boots)
Stlth    ++........             (no amulet)
Regen    0.2/turn               (no ring)
MPRegen  0.2/turn               (no ring)

@: no status effects
A: unfitting armour, cold-blooded, AC +6
a: no special abilities


You were on level 4 of the Dungeon.
You were not hungry.

You visited 1 branch of the dungeon, and saw 4 of its levels.

You collected 153 gold pieces.
You spent 130 gold pieces at shops.

Inventory:

Hand Weapons
 g - a +0 short sword
 h - a +0 mace of protection
 k - a +0 short sword
 t - a +4 hand axe
 y - a +2 dagger of venom (weapon)
Missiles
 d - 144 stones (quivered)
Armour
 m - a +0 pair of gloves
Jewellery
 r - a cursed ring of teleportation {unknown}
 x - a cursed -4 ring of intelligence {unknown}
Wands
 A - a wand of confusion (12/48)
Scrolls
 e - 5 scrolls of teleportation {unknown}
 i - 2 scrolls of remove curse {unknown}
 j - 2 scrolls of identify {unknown}
 l - a scroll of enchant armour {unknown}
 u - a scroll of fear {unknown}
 z - a scroll of immolation {unknown}
Potions
 c - 3 potions of curing
 n - a potion of resistance {unknown}
 o - a potion of degeneration {unknown}
 p - a potion of brilliance {unknown}
 q - a potion of heal wounds {unknown}
 s - a potion of cancellation {unknown}
 C - a potion of haste
Books
 a - a book of Flames

   Spells                             Type                      Level
   a - Flame Tongue                   Conjuration/Fire             1
   b - Throw Flame                    Conjuration/Fire             2
   c - Conjure Flame                  Conjuration/Fire             3
   d - Inner Flame                    Hexes/Fire                   3
   e - Sticky Flame                   Conjuration/Fire             4
   f - Fireball                       Conjuration/Fire             5
 w - a book of Callings

   Spells                             Type                      Level
   a - Summon Small Mammal            Summoning                    1
   b - Call Imp                       Summoning                    2
   c - Call Canine Familiar           Summoning                    3
   d - Summon Guardian Golem          Hexes/Summoning              3
   e - Summon Lightning Spire         Summoning/Air                4
   f - Summon Ice Beast               Ice/Summoning                4
Comestibles
 b - 4 bread rations
 f - 4 fruits
 v - a royal jelly


   Skills:
 - Level 1.8 Dodging
 - Level 1.8 Stealth
 - Level 2.0 Spellcasting
 + Level 6.7 Conjurations
 - Level 3.1 Fire Magic


You had 3 spell levels left.
You knew the following spells:

 Your Spells              Type           Power        Failure   Level  Hunger
a - Flame Tongue          Conj/Fire      ###..        2%          1    #......
b - Throw Flame           Conj/Fire      ###...       3%          2    ###....
c - Conjure Flame         Conj/Fire      ###.....     7%          3    ###....


Dungeon Overview and Level Annotations

Branches:
Dungeon (4/15)
 Temple: D:4-7

Altars:
Elyvilon

Shops:
D:4 !

Annotations:
D:4 Duvessa; letownia2's ghost, amateur DDNe


Innate Abilities, Weirdness & Mutations

Your plain brown scales are hard. (AC +6)
You cannot fit into any form of body armour.
You are cold-blooded and may be slowed by cold attacks.


Message History

Press: ? - help, Shift-Dir - straight line, f/p - letownia2's ghost
Aim: letownia2's ghost (heavily damaged)
The flame tongue hits letownia2's ghost.
Letownia2's ghost is almost destroyed.
Letownia2's ghost gestures at you while chanting.
Pain shoots through your body!
* * * LOW HITPOINT WARNING * * *
Casting: Flame Tongue
Confirm with . or Enter, or press ? or * to list all spells.
Aiming: Flame Tongue
Press: ? - help, Shift-Dir - straight line, f/p - letownia2's ghost
Aim: letownia2's ghost (almost destroyed)
The flame tongue misses letownia2's ghost.
Letownia2's ghost points at you and mumbles some strange words.
Pain shoots through your body!
* * * LOW HITPOINT WARNING * * *
You feel better.
Letownia2's ghost gestures at you while chanting.
Pain shoots through your body!
You die...

#.......#
##.###..#
#.#....#
#...##.#
#......#
#......#
#.#W...#
#.#..#.#
#.#@.#.#
#.#....# #
#.#.#..##.####
#.#...........
#.###.........
#.....>.......
#######....[..
.......
.......


You could see letownia2's ghost.

Vanquished Creatures
  An orc warrior (D:3)
  Dowan (D:4)
  An orc priest (D:3)
  2 orc wizards (D:3)
  Robin (D:2)
  2 adders
  2 oozes (D:2)
  3 worms
  3 dart slugs
  3 leopard geckos
  21 orcs
  A giant cockroach (D:3)
  17 goblins
  12 hobgoblins
  2 jackals (D:2)
  7 kobolds
  2 quokkas
  3 ball pythons
  6 bats
  8 frilled lizards
  6 rats
104 creatures vanquished.

Notes
Turn   | Place    | Note
-------+----------+-------------------------------------------
     0 | D:1      | MJtheKandyman the Draconian Fire Elementalist began the quest for the Orb.
     0 | D:1      | Reached XP level 1. HP: 14/14 MP: 3/3
   508 | D:1      | Reached XP level 2. HP: 20/20 MP: 0/5
   713 | D:1      | Reached skill level 2 in Conjurations
  1173 | D:2      | Reached XP level 3. HP: 22/26 MP: 2/6
  1373 | D:2      | Reached skill level 3 in Conjurations
  1395 | D:2      | Learned a level 2 spell: Throw Flame
  1399 | D:2      | Learned a level 3 spell: Conjure Flame
  1434 | D:2      | Found a white marble altar of Elyvilon.
  1543 | D:2      | Noticed Robin
  1626 | D:2      | Killed Robin
  1734 | D:2      | Reached XP level 4. HP: 33/33 MP: 4/7
  2189 | D:2      | Reached skill level 4 in Conjurations
  3200 | D:3      | Reached XP level 5. HP: 32/38 MP: 5/8
  3326 | D:3      | Reached skill level 5 in Conjurations
  4382 | D:3      | Noticed an orc warrior
  4496 | D:3      | Killed an orc warrior
  4496 | D:3      | Reached skill level 6 in Conjurations
  4496 | D:3      | Reached XP level 6. HP: 30/45 MP: 9/9
  4800 | D:4      | Found Kuhoitin's Distillery.
  4804 | D:4      | Bought a potion of haste for 100 gold pieces
  4804 | D:4      | Bought a potion of curing for 30 gold pieces
  4831 | D:4      | Noticed Dowan
  4832 | D:4      | Noticed Duvessa
  4881 | D:4      | Killed Dowan
  5037 | D:4      | Noticed letownia2's ghost (amateur DDNe)
  5069 | D:4      | Killed from afar by letownia2's ghost

Skill      XL: |  1  2  3  4  5 |
---------------+----------------+-----
Conjurations   | 2 3 4 6 |  6.7
Dodging        | |  1.8
Stealth        | |  1.8
Spellcasting   | |  2.0
Fire Magic     | |  3.1

Action                   |  1- 3 |  4- 6 || total
-------------------------+-------+-------++-------
Melee: Unarmed           |    10 |    22 ||    32
       Tailslap          |     2 |     4 ||     6
       Dagger            |       |    31 ||    31
Throw: Stone             |       |     4 ||     4
 Cast: Flame Tongue      |    62 |   129 ||   191
       Throw Flame       |       |    12 ||    12
       Conjure Flame     |       |     1 ||     1
  Use: Potion            |       |     2 ||     2
  Eat: Chunk             |     3 |    14 ||    17
Armor: Skin              |     3 |    12 ||    15
Dodge: Dodged            |    13 |    39 ||    52
